 Dungeon Crawl Stone Soup version 0.27.1-33-g824d729ab1 (webtiles) character file.

Game seed: 8426990982931171199

612 Kaiern the Shooter (level 7, 62/62 HPs)
             Began as a Minotaur Hunter on Aug 9, 2021.
             Was a Follower of Okawaru.
             Quit the game on level 5 of the Dungeon on Nov 26, 2021.
             The game lasted 00:19:56 (4352 turns).

Kaiern the Shooter (Minotaur Hunter)                Turns: 4352, Time: 00:19:56

Health: 62/62      AC:  9    Str: 18    XL:     7   Next: 20%
Magic:  6/6        EV:  8    Int:  8    God:    Okawaru [*.....]
Gold:   124        SH:  0    Dex: 11    Spells: 6/6 levels left

rFire    . . .     SeeInvis .   a - +1 shortbow
rCold    . . .     Faith    .   (shield currently unavailable)
rNeg     . . .     Spirit   .   B - +0 chain mail
rPois    .         Reflect  .   (helmet restricted)
rElec    .         Harm     .   (no cloak)
rCorr    .         Rampage  .   (no gloves)
Will     .....                  (no boots)
Stlth    ..........             h - amulet of regeneration
HPRegen  1.20/turn              (no ring)
MPRegen  0.10/turn              (no ring)

@: no status effects
A: horns 2, retaliatory headbutt
a: Renounce Religion, Heroism


You were on level 5 of the Dungeon.
You worshipped Okawaru.
Okawaru was aware of your devotion.
You visited 2 branches of the dungeon, and saw 6 of its levels.

You collected 124 gold pieces.

Inventory:

Hand Weapons
 a - a +1 shortbow (weapon)
 w - a +0 vampiric hand axe
Missiles
 d - 31 arrows (quivered ammo)
 i - 12 poisoned darts
 q - 7 javelins
Armour
 B - a +0 chain mail (worn)
Jewellery
 h - an amulet of regeneration (around neck)
 x - a +4 ring of evasion
Wands
 s - a wand of polymorph (6)
Scrolls
 b - 2 scrolls of summoning {unknown}
 c - a scroll of identify {unknown}
 e - a scroll of enchant armour {unknown}
 g - 2 scrolls of noise {unknown}
 j - a scroll of amnesia {unknown}
 k - 3 scrolls of brand weapon {unknown}
 m - 2 scrolls of teleportation {unknown}
 t - a scroll of fog {unknown}
 v - a scroll of torment {unknown}
 y - a scroll of immolation {unknown}
Potions
 f - a potion of heal wounds {unknown}
 l - a potion of mutation {unknown}
 n - 2 potions of invisibility {unknown}
 o - 3 potions of haste {unknown}
 p - a potion of might {unknown}
 r - 4 potions of ambrosia {unknown}
 z - 2 potions of flight {unknown}
 A - a potion of magic {unknown}


   Skills:
 + Level 5.7 Fighting
 + Level 6.8 Bows
 + Level 4.9 Armour
 - Level 2.3 Dodging
 - Level 0.7 Stealth


You had 6 spell levels left.
You didn't know any spells.
Your spell library contained the following spells:

 Spells                   Type           Power      Damage    Failure   Level
 Blink                    Tloc           N/A        N/A       100%        2
 Lesser Beckoning         Tloc           0%         N/A       100%        3
 Manifold Assault         Tloc           0%         N/A       100%        5


Dungeon Overview and Level Annotations

Branches:
Dungeon (5/15)             Temple (1/1) D:4

Altars:
Cheibriados
Dithmenos
Elyvilon
Gozag
Kikubaaqudgha
Makhleb
Okawaru
Qazlal
Sif Muna
Trog
Wu Jian
Xom
Zin
The Shining One

Shops:
D:3 :

Annotations:
D:4 3 runed translucent doors, Sopaderocas's ghost, amateur MfTm; doomsgape's ghost, amateur MiFi


Innate Abilities, Weirdness & Mutations

You have a pair of horns on your head.
You reflexively headbutt those who attack you in melee.


Message History

You kill the jackal!
Okawaru accepts your kill.
Fire: 23 arrows
Press: ? - help, Q - select action, (/) - cycle Shift-Dir - straight line, f - jackal
Aim: a jackal (almost dead, 55% to hit)
You shoot an arrow. The arrow closely misses the jackal.
Fire: 22 arrows
Press: ? - help, Q - select action, (/) - cycle Shift-Dir - straight line, f/p - jackal
Aim: a jackal (almost dead, 56% to hit)
You shoot an arrow. The arrow hits the jackal!
You kill the jackal!
Okawaru accepts your kill.
Found 11 stones.
d - 22 arrows (gained 1)
d - 23 arrows (gained 1)
d - 24 arrows (gained 1)
d - 25 arrows (gained 1)
d - 26 arrows (gained 1)
d - 31 arrows (gained 5)
You see here 11 stones.
There is a stone staircase leading down here.
Things that are here:
a +0 club; an orc corpse
Things that are here:
a +0 giant club; an ogre skeleton
Things that are here:
a +0 club; an orc skeleton
There is a stone staircase leading down here.
There is a stone staircase leading up here.
Found a leather armour.
There is a stone staircase leading up here.
You see here 20 stones.
Done exploring.
Done exploring.
Search for what [Enter for "."]? .
Saving game... please wait.
Welcome back, Kaiern the Minotaur Hunter.
Okawaru says: Bring me glory in combat!
Press ? for a list of commands and other information.
Are you sure you want to abandon this character and quit the game? (Confirm with "yes".)

#.## ## ### ###
### ##.# #.###
##..# #...####
#....
#......#######....
#@................
##................
##..............#
##............##
##.............#
#.........###..#
######...## ##..
#....# ##. #....##
##


There were no monsters in sight!

Vanquished Creatures
  A steam dragon (D:4)
  An ice beast (D:5)
  An ogre (D:5)
  A scorpion (D:4)
  A wyvern skeleton (D:5)
  A bullfrog skeleton (D:5)
  A hound zombie (D:5)
  2 howler monkey skeletons (D:4)
  4 adders
  2 white imps (D:5)
  A worm (D:4)
  A dart slug (D:1)
  2 orcs
  4 ball pythons
  8 endoplasms
  A giant cockroach (D:4)
  6 goblins
  4 hobgoblins
  10 jackals
  4 quokkas
  5 bats
  4 frilled lizards
  8 kobolds
  5 rats
78 creatures vanquished.

Vanquished Creatures (others)
  6 withered plants (D:4)
6 creatures vanquished.

Grand Total: 84 creatures vanquished

Notes
Turn   | Place    | Note
-------+----------+-------------------------------------------
     0 | D:1      | Kaiern the Minotaur Hunter began the quest for the Orb.
     0 | D:1      | Reached XP level 1. HP: 18/18 MP: 0/0
   378 | D:1      | Reached XP level 2. HP: 25/25 MP: 1/1
   618 | D:1      | Reached skill level 5 in Bows
   665 | D:1      | Reached skill level 1 in Armour
   691 | D:1      | Reached XP level 3. HP: 30/30 MP: 2/2
  1283 | D:2      | Reached XP level 4. HP: 38/38 MP: 3/3
  2131 | D:3      | Found Cofanium's Book Shop.
  2296 | D:3      | Upgraded the game from 0.27.0-1-g7a089689b8 to
                  | 0.27.1-3-gb3d3a73c9e
  2684 | D:4      | Noticed a steam dragon
  2710 | D:4      | Killed a steam dragon
  2711 | D:4      | Reached XP level 5. HP: 25/47 MP: 4/4
  2752 | D:4      | Found a staircase to the Ecumenical Temple.
  2803 | Temple   | Entered the Ecumenical Temple
  3020 | Temple   | Became a worshipper of Warmaster Okawaru
  3114 | D:4      | Reached skill level 6 in Bows
  3114 | D:4      | Reached XP level 6. HP: 38/53 MP: 5/5
  3143 | D:4      | Found a runed translucent gate.
  3143 | D:4      | Found a runed translucent gate.
  3144 | D:4      | Found a runed translucent gate.
  3149 | D:4      | Noticed doomsgape's ghost (amateur MiFi)
  3149 | D:4      | Noticed Sopaderocas's ghost (amateur MfTm)
  3631 | D:5      | Entered Level 5 of the Dungeon
  3722 | D:5      | Noticed an ice beast
  3731 | D:5      | Killed an ice beast
  3732 | D:5      | Reached skill level 5 in Fighting
  3834 | D:5      | Reached * piety under Okawaru
  3835 | D:5      | Reached XP level 7. HP: 35/61 MP: 6/6
  4352 | D:5      | Upgraded the game from 0.27.1-3-gb3d3a73c9e to
                  | 0.27.1-33-g824d729ab1
  4352 | D:5      | Quit the game

Illustrated notes

Levels and vault maps discovered:
D:1:      dpeg_arrival_stone_temple_mockup, layout_loops_ring,
          minmay_misc_feat_four_crosses, st_stairs_12
D:2:      layout_basic
D:3:      layout_loops_cross, serial_shops, nicolae_shop_trees
D:4:      layout_loops_ring, minmay_temple_entry_statues_fountains,
          gammafunk_ghost_cemetery
D:5:      layout_layer_cave
Temple:   dpeg_chambers_temple

Skill      XL: |  1  2  3  4  5  6 |
---------------+-------------------+-----
Bows           | 5 6 |  6.8
Armour         | 1 2 3 4 |  4.9
Fighting       | 3 4 5 |  5.7
Dodging        | |  2.3
Stealth        | |  0.7

Action                   |  1- 3 |  4- 6 |  7- 9 || total
-------------------------+-------+-------+-------++-------
Melee: Short sword       |    95 |     5 |       ||   100
       Headbutt          |    19 |     6 |       ||    25
       Hand axe          |       |    22 |       ||    22
 Fire: Shortbow          |    29 |    78 |    17 ||   124
Armor: Leather armour    |    21 |       |       ||    21
       Ring mail         |       |    23 |       ||    23
Dodge: Dodged            |    49 |    40 |       ||    89
